AoeStats
← OoginDoogin

Arabia

510917341Analyzed
1v1 RM · 12h ago on Oct 3, 2026· 66m 39s· 2 players
Game mode
Random Map
Map size
Tiny (2 player)
Population
200
Speed
Normal
Resources
Standard
Victory
Conquest
Starting age
Dark Age
Ending age
Imperial Age
RankedLock teamsTeams togetherTeam positionsShared explorationLock speedFull tech treeHidden civsTurbo modeCheats
Victory
Defeat
🇺🇸 Mongols · United States
953
+17
🇲🇽 Mongols · Mexico
985
-17
OoginDoogin
6:22 Loom
8:47 Feudal Age
10:37 Double-Bit Axe
12:49 Scale Barding Armor
18:01 Fletching
21:50 Castle Age
21:29 Bloodlines
22:09 Forging
22:05 Gold Mining
32:54 Bodkin Arrow
36:37 Stone Mining
38:36 Stone Shaft Mining
39:36 Horse Collar
43:29 Imperial Age
41:37 Wheelbarrow
40:41 Light Cavalry
41:47 Husbandry
42:53 Iron Casting
44:19 Bracer
51:51 Chain Barding Armor
52:32 Blast Furnace
53:20 Elite Steppe Lancer
55:23 Hussar
57:12 Parthian Tactics
56:57 Thumb Ring
58:35 Padded Archer Armor
61:14 Ballistics
61:55 Chemistry
64:00 Caravan
Spartak_2406
7:10 Loom
9:57 Feudal Age
11:29 Wheelbarrow
11:12 Double-Bit Axe
18:07 Fletching
21:40 Castle Age
21:32 Stone Mining
23:15 Hand Cart
24:31 Crossbowman
35:53 Pikeman
42:55 Imperial Age
40:28 Town Watch
41:23 Bodkin Arrow
42:43 Padded Archer Armor
50:08 Town Patrol
50:21 Bow Saw
51:12 Forging
52:29 Iron Casting
51:54 Scale Mail Armor
54:52 Bracer
58:02 Conscription
57:12 Elite Skirmisher
Connection lost

Rejoining the realm…

Still unreachable

The connection could not be restored.

Session expired

The server has moved on; the page needs a fresh start.